 Dungeon Crawl Stone Soup version 0.18-a0-116-g2d311b1 (webtiles) character file.

541 Proton the Sneak (level 7, 0/64 HPs)
             Began as a Naga Fighter on Nov 16, 2015.
             Succumbed to a worker ant's poison
             ... on level 5 of the Dungeon.
             The game lasted 00:06:12 (3589 turns).

Proton the Sneak (Naga Fighter)                     Turns: 3589, Time: 00:06:12

Health: 0/64       AC:  8    Str: 26    XL:     7   Next: 26%
Magic:  7/7        EV:  5    Int: 11    God:
Gold:   149        SH:  9    Dex: 10    Spells: 0 memorised, 6 levels left

rFire  . . .     SeeInvis +     a - +0 long sword
rCold  . . .     Clarity  .     r - +0 chain mail
rNeg   . . .     SustAt   .     c - +0 shield
rPois  +         Gourm    .     w - +1 hat {Int+3}
rElec  .         Spirit   .     (no cloak)
rCorr  .         Warding  .     (no gloves)
rMut   .         Stasis   .     (no barding)
MR     .....                    x - amulet of rage
Stlth  ..........               (no ring)
                                k - ring of flight

@: mighty, lethally poisoned (0 -> -1), very slow, not resistant to hostile
enchantments, extremely unstealthy
A: see invisible, deformed body, poison resistance, slowness 2, slow metabolism
1, spit poison 2, AC +2
a: Spit Poison, Evoke Berserk Rage, Evoke Flight


You were on level 5 of the Dungeon.
You were hungry.

You visited 1 branch of the dungeon, and saw 5 of its levels.

You collected 149 gold pieces.

Inventory:

Hand Weapons
 a - a +0 long sword (weapon)
Armour
 c - a +0 shield (worn)
 r - a +0 chain mail (worn)
 w - a +1 hat of intelligence (worn)
Jewellery
 k - a ring of flight (left hand)
 x - an amulet of rage (around neck)
Scrolls
 h - 3 scrolls of identify {unknown}
 i - 2 scrolls of enchant armour {unknown}
 n - a scroll of random uselessness {unknown}
 o - a scroll of remove curse {unknown}
 p - 2 scrolls of noise
 v - a scroll of teleportation {unknown}
 y - a scroll of magic mapping {unknown}
 z - a scroll of amnesia {unknown}
 A - a scroll of fear {unknown}
 B - a scroll of blinking {unknown}
Potions
 b - 2 potions of brilliance {unknown}
 f - 3 potions of curing {unknown}
 g - a potion of degeneration {unknown}
 l - 2 potions of beneficial mutation {unknown}
 m - 2 potions of lignification {unknown}
 q - 2 potions of heal wounds {unknown}
 s - a potion of agility {unknown}
 t - a potion of cure mutation {unknown}
 u - a potion of poison {unknown}
Comestibles
 e - 4 bread rations
 j - 4 meat rations


   Skills:
 + Level 4.1 Fighting
 * Level 4.0 Long Blades
 + Level 3.3 Armour
 + Level 2.0 Dodging
 + Level 4.4 Stealth
 + Level 3.5 Shields
 + Level 0.4 Evocations


You had 6 spell levels left.
You didn't know any spells.

Dungeon Overview and Level Annotations

Branches:
Dungeon (5/15)
 Temple: D:4-7

Altars:
Dithmenos
Qazlal
Trog
The Shining One


Innate Abilities, Weirdness & Mutations

You cannot wear boots.
Your serpentine skin is tough (AC +2).
You have supernaturally acute eyesight.
Armour fits poorly on your strangely shaped body.
Your system is resistant to poisons.
You cover ground very slowly.
You have a slow metabolism.
You can spit poison.


Message History

You are too injured to fight recklessly!
You are too injured to fight recklessly!
You are too injured to fight recklessly!
You are too injured to fight recklessly!
You are too injured to fight recklessly!
You are too injured to fight recklessly!
You are too injured to fight recklessly!
You are too injured to fight recklessly!
You are too injured to fight recklessly!
You are too injured to fight recklessly!
You are too injured to fight recklessly!
You are too injured to fight recklessly!
You are too injured to fight recklessly!
You are too injured to fight recklessly!
You are too injured to fight recklessly!
You are too injured to fight recklessly!
You are too injured to fight recklessly!
You slash the centaur!
The centaur is almost dead.
You die...

.....# #..........#
.....###..........#
##...+............##
.....#.............#
...................#
...................#
...................#
................W..#
.........##...(.@###
.........##...#asc......
.........##...#..s5...##
.........##...#.......#
.........######.........
#......... #.........
####......


You could see a phantom, a centaur, a worker ant, a crimson imp and 2 giant
cockroaches.

Vanquished Creatures
  Sigmund (D:2)
  A scorpion (D:4)
  An iguana (D:4)
  Ijyb (D:3)
  An orc priest (D:3)
  Jessica (D:2)
  An orc wizard (D:3)
  3 gnolls (D:4)
  4 adders
  2 oozes
  An adder zombie (D:3)
  2 adder skeletons
  2 worms (D:4)
  6 giant geckos
  12 orcs
  A ball python (D:2)
  5 bats
  6 giant cockroaches
  13 goblins
  8 hobgoblins
  11 jackals
  A quokka (D:5)
  3 giant newts
  6 kobolds
  4 rats
97 creatures vanquished.

Notes
Turn   | Place    | Note
--------------------------------------------------------------
     0 | D:1      | Proton the Naga Fighter began the quest for the Orb.
     0 | D:1      | Reached XP level 1. HP: 21/21 MP: 1/1
    50 | D:1      | Reached XP level 2. HP: 2/28 MP: 2/2
   385 | D:1      | Reached skill level 1 in Stealth
   866 | D:1      | Reached XP level 3. HP: 32/34 MP: 3/3
  1160 | D:2      | Noticed Jessica
  1163 | D:2      | Killed Jessica
  1163 | D:2      | Reached XP level 4. HP: 40/42 MP: 4/4
  1214 | D:2      | Noticed Sigmund
  1232 | D:2      | Killed Sigmund
  1232 | D:2      | Reached skill level 1 in Dodging
  1232 | D:2      | Reached XP level 5. HP: 31/49 MP: 5/5
  1232 | D:2      | Reached XP level 6. HP: 35/56 MP: 6/6
  1998 | D:3      | Reached skill level 4 in Stealth
  2194 | D:3      | Noticed Ijyb
  2223 | D:3      | Killed Ijyb
  2900 | D:4      | Reached XP level 7. HP: 62/64 MP: 7/7
  2912 | D:4      | Found a glowing golden altar of the Shining One.
  2913 | D:4      | Found a stormy altar of Qazlal.
  2916 | D:4      | Found a shadowy altar of Dithmenos.
  3089 | D:4      | Found a bloodstained altar of Trog.
  3520 | D:5      | Entered Level 5 of the Dungeon
  3587 | D:5      | HP: 3/64 [poisoned by a worker ant]
  3588 | D:5      | HP: 1/64 [phantom (2)]
  3589 | D:5      | Succumbed to a worker ant's poison

Vault maps used:
D:1:      sevenhm_arrival_forest_fort_small_4
D:2:      grunt_decor_one_mirror, serial_bayou_pond_c, serial_bayou_lagoon_a,
          uniq_jessica, uniq_sigmund
D:3:      uniq_iyjb
D:4:      grunt_temple_overflow_open, first_bread, trog_three_pillars_becter
D:5:      lemuel_insect_pit, serial_shops, nicolae_shop_crystal, uniq_grinder

Action                   |  1- 3 |  4- 6 |  7- 9 || total
-------------------------+-------+-------+-------++-------
Melee: Long sword        |    94 |   250 |    89 ||   433
 Abil: Spit Poison       |       |     2 |       ||     2
  Use: Scroll            |       |       |     1 ||     1
       Potion            |       |       |     1 ||     1
  Eat: Bread ration      |       |     1 |       ||     1
       Beef jerky        |       |     1 |       ||     1
       Pizza             |       |       |     1 ||     1
